 Dungeon Crawl Stone Soup version 0.29.1-15-g9cfb28693d (console) character file.

Game seed: 12774790265125678514

7 sentinel the Digger (level 2, 20/20 HPs)
             Began as a Meteoran Earth Elementalist on Aug 13, 2023.
             Quit the game on level 1 of the Dungeon.
             The game lasted 00:00:05 (341 turns).

sentinel the Digger (Meteoran Earth Elementalist)    Turns: 341, Time: 00:00:05

Health: 20/20      AC:  2    Str:  9    XL:     2   Next: 17%
Magic:  6/6        EV: 12    Int: 16    God:
Gold:   0          SH:  0    Dex: 14    Spells: 5/6 levels left

rFire   . . .      SeeInvis .   (no weapon)
rCold   . . .      Faith    .   (no shield)
rNeg    . . .      Spirit   .   a - +0 robe
rPois   .          Reflect  .   (no helmet)
rElec   .          Harm     .   (no cloak)
rCorr   .          Rampage  .   (no gloves)
Will    .....                   (no boots)
Stlth   +.........              (no amulet)
HPRegen 0.06/turn               (no ring)
MPRegen 0.10/turn               (no ring)

@: glowing
A: sense surroundings 1, otherworldly, glowing, explore regen
a: no special abilities


You were on level 1 of the Dungeon.
You visited 1 branch of the dungeon, and saw 1 of its levels.

Inventory:

Armour
 a - a +0 robe (worn)
Scrolls
 f - a scroll of enchant armour {unknown}
 g - a scroll of noise {unknown}
Potions
 b - a potion of magic
 c - a potion of attraction {unknown}
 d - a potion of berserk rage {unknown}
 e - a potion of might {unknown}


   Skills:
 - Level 2.4 Dodging
 - Level 1.4 Stealth
 - Level 2.6 Spellcasting
 - Level 1.2 Transmutations
 + Level 4.2 Earth Magic


You had 5 spell levels left.
You knew the following spells:

 Your Spells              Type           Power      Damage    Failure   Level
a - Sandblast             Erth           30%        2d9       3%          1

Your spell library contained the following spells:

 Spells                   Type           Power      Damage    Failure   Level
 Passwall                 Tmut/Erth      8%         N/A       10%         2
 Stone Arrow              Conj/Erth      16%        3d8       24%         3
 Petrify                  Tmut/Erth      10%        N/A       54%         4


Dungeon Overview and Level Annotations

Branches:
Dungeon (1/15) Zot: 254

Altars:


Innate Abilities, Weirdness & Mutations

You passively map a small area around you.
You are easily found by Zot.
You glow in the dark.
You regain HP and MP as you explore.


Message History

Unknown command.
You can't see any susceptible monsters within range! (Use Z to cast anyway.) Unknown command.
You can't see any susceptible monsters within range! (Use Z to cast anyway.) Unknown command.
No target in view!
No target in view!
You can't see any susceptible monsters within range! (Use Z to cast anyway.) Unknown command.
You can't see any susceptible monsters within range! (Use Z to cast anyway.) Unknown command.
You can't see any susceptible monsters within range! (Use Z to cast anyway.) Unknown command.
You can't see any susceptible monsters within range! (Use Z to cast anyway.) Unknown command.
You start waiting.
Your magical contamination has completely faded away.
Unknown command.
You see here a hobgoblin corpse.
Magic restored.
You open the door.
There is an open door here.
Found 12 gold pieces.
Unknown command.
Found a stone staircase leading down.
Unknown command.
You see here 12 gold pieces.
A jackal comes into view.
Unknown command.
But you're not safe!
Unknown command.
There is a stone staircase leading down here.
You can't see any susceptible monsters within range! (Use Z to cast anyway.) Unknown command.
You can't see any susceptible monsters within range! (Use Z to cast anyway.) Unknown command.
You can't see any susceptible monsters within range! (Use Z to cast anyway.) Unknown command.
You can't see any susceptible monsters within range! (Use Z to cast anyway.) Unknown command.
A jackal comes into view.
The jackal barks!
You hear a bark!
A jackal comes into view.
The blast of sand misses the jackal.
A jackal comes into view.
The jackal barely misses you.
The blast of sand hits the jackal but does no damage.
The jackal barks!
The jackal barely misses you. x2
Unknown command.
The blast of sand hits the jackal!
You kill the jackal!
The jackal bites you.
Unknown command.
The blast of sand hits the jackal!
You kill the jackal!
The jackal bites you.
Your Earth Magic skill increases to level 4!
Unknown command.
The blast of sand misses the jackal.
The blast of sand hits the jackal but does no damage.
The jackal bites you but does no damage.
The jackal bites you.
Unknown command.
You barely miss the jackal. The jackal barely misses you.
The jackal bites you but does no damage.
The jackal barely misses you. x2
You hit the jackal but do no damage.
The jackal bites you but does no damage.
The jackal bites you.
The blast of sand hits the jackal!
You kill the jackal!
The jackal misses you. The jackal barely misses you.
You have reached level 2!
You are out of magic!
Unknown command.
You are out of magic!
Unknown command.
You are out of magic!
Unknown command.
But you're not safe!
Unknown command.
But you're not safe!
Unknown command.
But you're not safe!
Unknown command.
But you're not safe!
Unknown command.
But you're not safe!
Unknown command.
You barely miss the jackal.
The jackal bites you but does no damage.
The jackal barely misses you.
You barely miss the jackal.
The jackal bites you but does no damage.
You are out of magic!
Unknown command.
You are out of magic!
Unknown command.
You are out of magic!
Unknown command.
You are out of magic!
Unknown command.
You closely miss the jackal. The jackal barely misses you.
You closely miss the jackal. The jackal closely misses you.
The jackal bites you.
The blast of sand hits the jackal.
The jackal is severely wounded.
The jackal bites you but does no damage.
The jackal closely misses you.
Unknown command.
You are out of magic!
Unknown command.
You are out of magic!
Unknown command.
You are out of magic!
Unknown command.
You hit the jackal.
You kill the jackal!
No target in view!
You are out of magic!
Unknown command.
You are out of magic!
Unknown command.
You are out of magic!
Unknown command.
You are out of magic!
Unknown command.
Things that are here:
a jackal corpse; a jackal corpse
Things that are here:
a jackal corpse; a jackal corpse HP restored.
You see here 14 gold pieces.
e - a fizzy blue potion Unknown command.
f - a scroll labelled OCKIZO SIBENT Unknown command.
Found 9 gold pieces.
Unknown command.
You see here 9 gold pieces.
Found a ring mail and a dagger.
Unknown command.
g - a scroll labelled REDOAT NECI Unknown command.
Unknown command.
Unknown command.
Unknown command.
Unknown command.
Are you sure you want to abandon this character and quit the game? (Confirm with "yes".)

, , , ,, ##
..#* * #. ..
#. *.##..* #.
*..... #.
......##### #.
, ..#.#.+...#
#.
........#.##
### * ,
,#@...# ##.. ,
...#....##
######..#
...?......#
#....#..#
,.....###..#
#.<..'..#
...... #..##
#....#..# ,
...... #...#
######..#
......* ##..#
#... ..?...*
#..###########
* *
#.............


There were no monsters in sight!

Vanquished Creatures
  A hobgoblin (D:1)
  4 jackals (D:1)
5 creatures vanquished.

Notes
Turn   | Place    | Note
-------+----------+-------------------------------------------
     0 | D:1      | sentinel the Meteoran Earth Elementalist began the quest
                  | for the Orb.
     0 | D:1      | Reached XP level 1. HP: 14/14 MP: 5/5
    97 | D:1      | Reached skill level 4 in Earth Magic
   101 | D:1      | Reached XP level 2. HP: 13/20 MP: 0/6
   341 | D:1      | Quit the game

Illustrated notes

Levels and vault maps discovered:
D:1:      dpeg_arrival_erosion, layout_basic, serial_glass, glass_columns_a,
          glass_columns_b, hellmonk_ecumenical_altar_lost_god,
          roderic_lattice_a, minmay_misc_feat_four_crosses

Skill      XL: |  1 |
---------------+----+-----
Earth Magic    | 4 |  4.2
Dodging        | |  2.4
Stealth        | |  1.4
Spellcasting   | |  2.6
Transmutations | |  1.2

Action                   || total
-------------------------++-------
Melee: Unarmed           ||     7
 Cast: Sandblast         ||     9
Armor: Robe              ||     6
Dodge: Dodged            ||    12
